 Dungeon Crawl Stone Soup version 0.27.0-1-g7a089689b8 (webtiles) character file.

Game seed: 14261058966372518271

3494 blackman the Geomancer (level 10, -4/72 HPs)
             Began as a Human Wanderer on Aug 5, 2021.
             Was a Priest of Vehumet.
             Slain by a vampire mosquito (8 damage)
             ... on level 7 of the Dungeon.
             The game lasted 01:40:04 (14756 turns).

blackman the Geomancer (Human Wanderer)            Turns: 14756, Time: 01:40:04

Health: -4/72      AC:  6    Str: 14    XL:     10   Next: 28%
Magic:  9/14       EV: 13    Int: 15    God:    Vehumet [***...]
Gold:   499        SH:  5    Dex: 12    Spells: 14/15 levels left

rFire    . . .     SeeInvis .   m - +0 whip (elec)
rCold    . . .     Faith    .   D - +0 buckler
rNeg     . . .     Spirit   .   I - +2 robe {Will+}
rPois    +         Reflect  .   (no helmet)
rElec    .         Harm     .   (no cloak)
rCorr    .         Rampage  .   l - +0 pair of gloves
Will     +....                  B - +0 pair of boots
Stlth    ++........             (no amulet)
HPRegen  0.22/turn              d - ring of poison resistance
MPRegen  0.14/turn              (no ring)

@: no status effects
A: no striking features
a: Renounce Religion


You were on level 7 of the Dungeon.
You worshipped Vehumet.
Vehumet was most pleased with you.
You visited 2 branches of the dungeon, and saw 9 of its levels.

You collected 523 gold pieces.
You spent 24 gold pieces at shops.

Inventory:

Hand Weapons
 a - a +2 hand crossbow
 b - a +0 hand axe
 j - a +0 spear
 m - a +0 whip of electrocution (weapon)
 C - a +2 fustibalus of flaming
 H - the +8 dagger of Zusugipups {flame, rElec Will+ SInv}
   (You found it on level 5 of the Dungeon)

   It burns those it strikes, dealing additional fire damage.
   rElec:     It insulates you from electricity.
   SInv:      It lets you see invisible.
   Will:      It increases your willpower.
 K - the +9 great sword "Voupuem" {freeze, rC++ Dex+2}
   (You found it on level 5 of the Dungeon)

   It freezes those it strikes, dealing additional cold damage.
   It can also slow down cold-blooded creatures.
   Dex:       It affects your dexterity (+2).
   rC:        It greatly protects you from cold.
 L - a +0 club
Missiles
 h - 23 bolts
 k - 72 stones (quivered)
 r - a curare-tipped dart
 w - 6 poisoned darts
Armour
 c - a +0 robe
 e - a +0 robe
 i - a +0 chain mail
 l - a +0 pair of gloves (worn)
 B - a +0 pair of boots (worn)
 D - a +0 buckler (worn)
 I - a +2 robe of willpower (worn)
Jewellery
 d - a ring of poison resistance (left hand)
 J - a ring of ice
 O - a ring of ice
Wands
 x - a wand of iceblast (2)
 y - a wand of polymorph (4)
 E - a wand of flame (26)
Scrolls
 n - a scroll of holy word {unknown}
 o - 2 scrolls of amnesia
 p - a scroll of fog {unknown}
 q - a scroll of torment
 s - a scroll of enchant weapon
 v - a scroll of fear {unknown}
 z - 2 scrolls of vulnerability
 F - a scroll of noise {unknown}
 G - a scroll of magic mapping
Potions
 f - 2 potions of might
 g - 2 potions of lignification
 t - a potion of attraction
 u - 3 potions of curing
 A - 2 potions of ambrosia
 M - a potion of berserk rage {unknown}
 N - a potion of flight {unknown}


   Skills:
 - Level 4.2 Fighting
 - Level 0.3(2.1) Axes
 * Level 3.4(3.5) Maces & Flails
 - Level 2.5 Crossbows
 - Level 1.0 Armour
 - Level 5.4 Dodging
 - Level 1.0 Stealth
 - Level 5.0 Shields
 - Level 3.2 Spellcasting
 - Level 2.0 Ice Magic
 - Level 9.5 Earth Magic
 - Level 1.0 Poison Magic


You had 14 spell levels left.
You knew the following spells:

 Your Spells              Type           Power      Damage    Failure   Level
a - Sandblast             Erth           62%        2d14      1%          1

Your spell library contained the following spells:

 Spells                   Type           Power      Damage    Failure   Level
 Inner Flame              Hex/Fire       2%         N/A       16%         3
 Freeze                   Ice            32%        1d5       2%          1
 Passwall                 Tmut/Erth      13%        N/A       4%          2
 Ignite Poison            Fire/Tmut/Pois 3%         N/A       13%         3
 Beastly Appendage        Tmut           4%         N/A       21%         1
 Ozocubu's Armour         Ice            8%         N/A       26%         3
 Swiftness                Air            2%         N/A       52%         3
 Invisibility             Hex            1%         N/A       100%        6
 Borgnjor's Revivificati  Necr           1%         N/A       100%        8
 Necromutation            Tmut/Necr      1%         N/A       100%        8
 Death's Door             Necr           1%         N/A       100%        9


Dungeon Overview and Level Annotations

Branches:
Dungeon (8/15)             Temple (1/1) D:7
   Lair: D:8-11

Altars:
Cheibriados
Dithmenos
Fedhas
Gozag
Hepliaklqana
Makhleb
Qazlal
Ru
Trog
Uskayaw
Vehumet
Wu Jian
Zin

Shops:
D:2 (:(   D:5 *

Annotations:
D:2 1 runed translucent door, exclusion: door, Crazy Yiuf


Message History

The vampire mosquito bites you.
The vampire mosquito draws strength from your injuries!
Your Maces & Flails skill increases to level 3!
Casting: Sandblast (safe; 1% risk of failure)
Confirm with . or Enter, or press ? or * to list all spells.
Aiming: Sandblast (safe; 1% risk of failure)
Press: ? - help, Shift-Dir - straight line, f - vampire mosquito
Aim: a vampire mosquito (70% to hit)
The blast of sand hits the vampire mosquito!!
The vampire mosquito is severely damaged.
k - 74 stones The vampire mosquito misses you.
The vampire mosquito bites you.
The vampire mosquito draws strength from your injuries!
Casting: Sandblast (safe; 1% risk of failure)
Confirm with . or Enter, or press ? or * to list all spells.
Aiming: Sandblast (safe; 1% risk of failure)
Press: ? - help, Shift-Dir - straight line, f/p - vampire mosquito
Aim: a vampire mosquito (severely damaged, 70% to hit)
The blast of sand hits the vampire mosquito.
The vampire mosquito is severely damaged.
k - 73 stones The vampire mosquito bites you!
* * * LOW HITPOINT WARNING * * *
The vampire mosquito draws strength from your injuries!
The vampire mosquito bites you.
* * * LOW HITPOINT WARNING * * *
The vampire mosquito draws strength from your injuries!
Casting: Sandblast (safe; 1% risk of failure)
Confirm with . or Enter, or press ? or * to list all spells.
Aiming: Sandblast (safe; 1% risk of failure)
Press: ? - help, Shift-Dir - straight line, f/p - vampire mosquito
Aim: a vampire mosquito (severely damaged, 70% to hit)
The blast of sand hits the vampire mosquito.
The vampire mosquito is severely damaged.
k - 72 stones The vampire mosquito bites you!
* * * LOW HITPOINT WARNING * * *
The vampire mosquito draws strength from your injuries!
The vampire mosquito bites you!
You die...

#### #...
#############.##
#...............
#######.....######.#.
#...@y......##...#.#.
#.####......##.#.#.#.
#.####......##.#.#.#.
#...........##.#.#...
##..###.#+#####.#.####
#...#.................
#.#.#...#########.####
#.#.....#########.#
#.........#....##.#


You could see a vampire mosquito.

Vanquished Creatures
  Pikel (D:7)
  Sigmund (D:5)
  A wyvern (D:7)
  A vampire mosquito (D:7)
  Menkaure (D:5)
  Edmund (D:6)
  Duvessa (D:4)
  An orc warrior (D:6)
  2 sky beasts
  2 necrophages (D:5)
  2 black bears
  2 ogres
  A centaur (D:8)
  3 lemures
  3 phantoms
  Blork the orc (D:6)
  A water moccasin zombie (D:5)
  2 scorpions
  2 bullfrogs
  Dowan (D:4)
  3 electric eels (D:5)
  2 hounds (D:3)
  A centaur zombie (D:6)
  An orc priest (D:5)
  A bullfrog skeleton (D:6)
  A centaur skeleton (D:6)
  3 iguanas
  4 orc wizards
  A scorpion zombie (D:5)
  A howler monkey zombie (D:8)
  4 gnolls
  11 adders
  A shadow imp (D:7)
  A white imp (D:7)
  An ufetubus (D:6)
  2 adder skeletons (D:4)
  3 worms (D:2)
  2 dart slugs
  19 orcs
  5 bats
  6 endoplasms
  9 giant cockroaches
  5 goblins
  4 hobgoblins
  6 jackals
  3 kobolds
  3 quokkas
  8 ball pythons
  3 frilled lizards
  3 rats
147 creatures vanquished.

Vanquished Creatures (others)
  A plant (D:5)
1 creature vanquished.

Grand Total: 148 creatures vanquished

Notes
Turn   | Place    | Note
-------+----------+-------------------------------------------
     0 | D:1      | blackman the Human Wanderer began the quest for the Orb.
     0 | D:1      | blackman set off with the following items: a +2 hand
                  | crossbow, 17 bolts, a +0 robe; and the following spells
                  | available to memorise: Freeze, Beastly Appendage, Ozocubu's
                  | Armour, Ignite Poison
     0 | D:1      | Reached XP level 1. HP: 15/15 MP: 3/3
   595 | D:1      | Reached XP level 2. HP: 20/21 MP: 5/5
   995 | D:1      | Reached XP level 3. HP: 26/26 MP: 6/6
  1206 | D:1      | Found a faded altar of an unknown god.
  1217 | D:1      | Became a worshipper of Vehumet
  1217 | D:1      | Reached * piety under Vehumet
  1217 | D:1      | Offered knowledge of Sandblast by Vehumet.
  1240 | D:1      | Learned a level 1 spell: Sandblast
  1765 | D:2      | Reached skill level 1 in Earth Magic
  1765 | D:2      | Found Ewnudgh's Weapon Boutique.
  1844 | D:2      | Reached XP level 4. HP: 31/32 MP: 7/7
  2866 | D:2      | Found Gaorho's Weapon Shoppe.
  2868 | D:2      | Found Tywawusa's Book Shoppe.
  2872 | D:2      | Bought 4 curare-tipped darts for 24 gold pieces
  3764 | D:2      | Found a runed translucent door.
  3765 | D:2      | Noticed Crazy Yiuf
  4304 | D:3      | Reached skill level 2 in Earth Magic
  4336 | D:3      | Reached XP level 5. HP: 37/37 MP: 9/9
  4363 | D:3      | Reached skill level 3 in Earth Magic
  5253 | D:3      | Offered knowledge of Magic Dart by Vehumet.
  5394 | D:3      | Reached ** piety under Vehumet
  5395 | D:3      | Reached XP level 6. HP: 43/43 MP: 10/10
  5742 | D:1      | Reached skill level 4 in Earth Magic
  6324 | D:4      | Noticed Duvessa
  6324 | D:4      | Noticed Dowan
  6435 | D:4      | Killed Duvessa
  6436 | D:4      | Reached skill level 5 in Earth Magic
  6443 | D:4      | Killed Dowan
  6444 | D:4      | Reached XP level 7. HP: 48/48 MP: 5/11
  7663 | D:4      | Reached skill level 6 in Earth Magic
  7724 | D:5      | Entered Level 5 of the Dungeon
  7858 | D:5      | Found a snail-covered altar of Cheibriados.
  7868 | D:5      | Found a blossoming altar of Fedhas.
  7874 | D:5      | Noticed Menkaure
  7875 | D:5      | Identified the +8 dagger of Zusugipups {flame, rElec Will+
                  | SInv}
  7878 | D:5      | Killed Menkaure
  7920 | D:5      | Offered knowledge of Inner Flame by Vehumet.
  7921 | D:5      | Reached skill level 7 in Earth Magic
  7954 | D:5      | Found a transporter.
  7964 | D:5      | Found a transporter.
  8004 | D:5      | Reached XP level 8. HP: 40/54 MP: 12/12
  9036 | D:5      | Reached skill level 8 in Earth Magic
  9100 | D:5      | Found an opulent altar of Gozag.
  9103 | D:5      | Found Gozag's Platinum Reserve.
  9103 | D:5      | Noticed Sigmund
  9422 | D:5      | Killed Sigmund
  9423 | D:5      | Reached XP level 9. HP: 59/59 MP: 11/13
  9578 | D:5      | Reached skill level 9 in Earth Magic
  9973 | D:5      | Identified the +9 great sword "Voupuem" {freeze, rC++
                  | Dex+2}
 10477 | D:7      | Found a staircase to the Ecumenical Temple.
 10486 | Temple   | Entered the Ecumenical Temple
 10543 | D:6      | Reached skill level 5 in Shields
 10660 | D:6      | Noticed Blork the orc
 10700 | D:6      | Killed Blork the orc
 10980 | D:6      | Noticed Edmund
 11534 | D:6      | Found a bloodstained altar of Trog.
 12225 | D:6      | Reached skill level 1 in Dodging
 12383 | D:6      | Killed Edmund
 12383 | D:6      | Reached *** piety under Vehumet
 12810 | D:7      | Reached skill level 5 in Dodging
 13186 | D:7      | Noticed Pikel
 13590 | D:7      | Killed Pikel
 13591 | D:7      | Reached XP level 10. HP: 72/72 MP: 11/14
 13910 | D:8      | Reached skill level 1 in Maces & Flails
 14756 | D:7      | Slain by a vampire mosquito

Illustrated notes

Levels and vault maps discovered:
D:1:      scummos_arrival_hexagon, layout_rooms,
          shapermc_ecumenical_altar_mp_highgroup, minmay_worlds_worst_comb
D:2:      layout_loops_ring, serial_shops, nicolae_shop_statue_plus, shop,
          nicolae_shop_temple_entry_statues_fountains, uniq_crazy_yiuf_cottage
D:3:      layout_rooms
D:4:      layout_basic, kennysheep_minor_cross, uniq_duvessa
D:5:      gammafunk_steamed_eel, layout_loops_ring,
          nicolae_gozag_zags_fifth_avenue, mainiacjoe_overflow_large_starburst,
          uniq_menkaure, uniq_sigmund
D:6:      layout_loops_ring, amcnicky_altar_gilded, uniq_edmund,
          uniq_blork_the_orc
D:7:      layout_basic, minmay_temple_entry_ruins, uniq_pikel
D:8:      layout_gridville
Temple:   eino_narrow_crystal_temple

Skill      XL: |  1  2  3  4  5  6  7  8  9 10 |
---------------+-------------------------------+-----
Crossbows      | 2 |  2.5
Earth Magic    | 1 2 3 5 7 8 9 |  9.5
Shields        | 4 5 |  5.0
Spellcasting   | 3 |  3.2
Dodging        | 5 |  5.4
Fighting       | 4 |  4.2
Maces & Flails | 3 |  3.4
Axes           | |  0.3
Armour         | |  1.0
Stealth        | |  1.0
Ice Magic      | |  2.0
Poison Magic   | |  1.0

Action                   |  1- 3 |  4- 6 |  7- 9 | 10-12 || total
-------------------------+-------+-------+-------+-------++-------
Melee: Spear             |     4 |       |       |       ||     4
       Hand axe          |    89 |   106 |    12 |       ||   207
       Dagger            |       |       |     9 |       ||     9
       Whip              |       |       |       |    53 ||    53
 Fire: Hand crossbow     |    46 |    53 |    62 |       ||   161
Throw: Dart              |       |     3 |    34 |       ||    37
 Cast: Sandblast         |       |     5 |   124 |    15 ||   144
Evoke: Wand              |       |       |    14 |       ||    14
  Use: Scroll            |       |     1 |    12 |       ||    13
       Potion            |       |       |     1 |       ||     1
 Stab: Sleeping          |       |       |     1 |       ||     1
Armor: Chain mail        |    83 |    76 |       |       ||   159
       Robe              |       |       |    17 |    28 ||    45
Dodge: Dodged            |    34 |    44 |    49 |    57 ||   184
Block: Buckler           |       |       |    18 |    22 ||    40
